 Dungeon Crawl Stone Soup version 0.21-a0-509-gecc5317 (webtiles) character file.

238 dvd the Cudgeler (level 5, -2/53 HPs)
             Began as a Troll Berserker on Nov 30, 2017.
             Was a Priest of Trog.
             Slain by Grinder (8 damage)
             ... on level 4 of the Dungeon.
             The game lasted 00:05:04 (2775 turns).

dvd the Cudgeler (Troll Berserker)                  Turns: 2775, Time: 00:05:07

Health: -2/53      AC:  6    Str: 25    XL:     5   Next: 78%
Magic:  4/4        EV: 11    Int:  3    God:    Trog [***...]
Gold:   157        SH:  0    Dex: 10    Spells: 4/4 levels left

rFire    + . .     SeeInvis .   a - +0 mace
rCold    . . .     Gourm    +   (no shield)
rNeg     . . .     Faith    .   v - +1 robe {rF+}
rPois    .         Spirit   .   (helmet restricted)
rElec    .         Reflect  .   t - scarf {repulsion}
rCorr    .         Harm     .   (gloves unavailable)
MR       .....                  (boots unavailable)
Stlth    +.........             (no amulet)
HPRegen  0.57/turn              (no ring)
MPRegen  0.09/turn              (no ring)

@: berserk cooldown, repel missiles
A: large, unfitting armour, claws 3, fast metabolism 3, gourmand, regeneration
1, shaggy fur 1, tough skin 2
a: Berserk, Trog's Hand, Burn Spellbooks, Renounce Religion


You were on level 4 of the Dungeon.
You worshipped Trog.
Trog was most pleased with you.
You were not hungry.

You visited 1 branch of the dungeon, and saw 4 of its levels.

You collected 157 gold pieces.

Inventory:

Hand Weapons
 a - a +0 mace (weapon)
 b - a +0 hand axe
 h - a +0 whip
 u - a +0 war axe
Missiles
 i - 53 stones (quivered)
Armour
 s - a +0 animal skin
 t - a scarf of repulsion (worn)
 v - a +1 robe of fire resistance (worn)
Jewellery
 e - a +4 amulet of reflection {unknown}
Scrolls
 d - a scroll of magic mapping {unknown}
 g - 4 scrolls of identify {unknown}
 j - a scroll of random uselessness {unknown}
 k - 5 scrolls of teleportation {unknown}
 m - a scroll of immolation {unknown}
 x - a scroll of remove curse {unknown}
Potions
 f - a potion of cancellation {unknown}
 l - 3 potions of lignification {unknown}
 n - a potion of curing
 o - a potion of berserk rage {unknown}
 q - a potion of brilliance {unknown}
 r - 2 potions of agility {unknown}
 w - a potion of flight {unknown}
Comestibles
 c - 4 bread rations
 p - 4 royal jellies
 z - a meat ration


   Skills:
 + Level 3.3 Fighting
 + Level 4.4 Maces & Flails
 + Level 1.2 Throwing
 + Level 3.4 Dodging


You had 4 spell levels left.
You didn't know any spells.

Dungeon Overview and Level Annotations

Branches:
Dungeon (4/15)
 Temple: D:4-7

Altars:
Ashenzari
Dithmenos
Makhleb
Qazlal
Vehumet

Annotations:
D:4 Grinder


Innate Abilities, Weirdness & Mutations

You are too large for most types of armour.
You have claws for hands.
Your metabolism is lightning-fast.
You like to eat raw meat.
Your natural rate of healing is unusually fast.
You are covered in fur. (AC +1)
You have very tough skin. (AC +2)


Message History

Grinder is severely wounded.
Grinder drinks a potion.
Grinder is healed!
Grinder closely misses you.
You barely miss Grinder.
Grinder is heavily wounded.
Grinder says, "Just stop there for a second..."
Grinder hits you.
You writhe in agony.
Grinder hits you but does no damage.
You hit Grinder.
Grinder is severely wounded.
You feel yourself speed up.
Your skin stops crawling.
You feel less resistant to hostile enchantments.
Grinder gestures at you. You resist with significant effort.
You hit Grinder but do no damage.
Grinder is severely wounded.
Grinder hits you!
* * * LOW HITPOINT WARNING * * *
You writhe in agony.
* * * LOW HITPOINT WARNING * * *
Grinder hits you!
You die...

#....# #####..### #....###
#..#####.# .......#
##........# .......#
##.....####### .......#
##.......#..... .#
##....####..........###...#
.......).+..........(......
###...####..........###...#
#..## ##....5@.#.# . ...#
##..().##.# #..# ##(..###.#
#..# ##+## #.# ..# #.. ###


You could see Grinder.

Vanquished Creatures
  A scorpion (D:4)
  A crimson imp (D:3)
  2 orc wizards (D:3)
  An adder (D:2)
  2 oozes
  An adder skeleton (D:2)
  A worm (D:2)
  2 dart slugs
  2 leopard geckos
  5 orcs
  2 ball pythons (D:1)
  A giant cockroach (D:2)
  6 hobgoblins
  10 jackals (D:2)
  A quokka (D:3)
  2 bats (D:2)
  7 frilled lizards
  6 goblins
  7 kobolds
  4 rats
64 creatures vanquished.

Notes
Turn   | Place    | Note
-------+----------+-------------------------------------------
     0 | D:1      | dvd the Troll Berserker began the quest for the Orb.
     0 | D:1      | Reached XP level 1. HP: 22/22 MP: 0/0
   184 | D:1      | Reached XP level 2. HP: 29/29 MP: 1/1
   195 | D:1      | Reached skill level 3 in Maces & Flails
   480 | D:1      | Reached ** piety under Trog
   883 | D:2      | Reached XP level 3. HP: 29/36 MP: 2/2
  1257 | D:2      | Reached XP level 4. HP: 45/45 MP: 3/3
  1797 | D:3      | Reached skill level 1 in Throwing
  1797 | D:3      | Reached XP level 5. HP: 53/53 MP: 4/4
  1798 | D:3      | Reached *** piety under Trog
  1868 | D:3      | Found a radiant altar of Vehumet.
  1869 | D:3      | Found a burning altar of Makhleb.
  1940 | D:3      | Reached skill level 4 in Maces & Flails
  1996 | D:3      | Found a shattered altar of Ashenzari.
  2062 | D:3      | Found a stormy altar of Qazlal.
  2343 | D:4      | Found a shadowy altar of Dithmenos.
  2752 | D:4      | Noticed Grinder
  2759 | D:4      | Paralysed by Grinder for 5 turns
  2775 | D:4      | Slain by Grinder

Vault maps used:
D:1:      matt_arrival_spirals
D:2:      minmay_pentomino_v4
D:3:      grunt_temple_overflow_lords_of_destruction,
          nicolae_qazlal_general_emergency, old_standard_altar
D:4:      nicolae_dithmenos_through_a_glass_darkly, uniq_grinder

Skill      XL: |  1  2  3  4  5 |
---------------+----------------+-----
Maces & Flails | 3 4 |  4.4
Fighting       | 3 |  3.3
Dodging        | 3 |  3.4
Throwing       | 1 |  1.2

Action                   |  1- 3 |  4- 6 || total
-------------------------+-------+-------++-------
Melee: Mace              |   120 |   120 ||   240
Throw: Stone             |    25 |    22 ||    47
Invok: Berserk           |     1 |     2 ||     3
       Trog's Hand       |       |     1 ||     1
  Eat: Chunk             |    18 |    10 ||    28
Armor: Animal skin       |    58 |    42 ||   100
       Robe              |       |    20 ||    20
Dodge: Dodged            |    86 |    83 ||   169

Table legend:
 A = Spawn XP
 B = Non-spawn XP
 C = Spawn XP percentage of total XP
 D = Spawn monster count
 E = Non-spawn monster count
 F = Spawn count percentage of total count
 G = Total turns spent on level
                    A         B        C        D         E        F      G
               +---------+---------+-------+---------+---------+-------+---------
         Total |       0 |     341 |   0.0 |       0 |      64 |   0.0 |  2775
               +---------+---------+-------+---------+---------+-------+---------
           D:1 |       0 |      36 |   0.0 |       0 |      20 |   0.0 |   848
           D:2 |       0 |      78 |   0.0 |       0 |      30 |   0.0 |   821
           D:3 |       0 |     151 |   0.0 |       0 |      11 |   0.0 |   628
           D:4 |       0 |      76 |   0.0 |       0 |       3 |   0.0 |   478
               +---------+---------+-------+---------+---------+-------+---------
